 Dungeon Crawl Stone Soup version 0.32-a0-328-gd8048dd28f (webtiles) character file.

Game seed: 16377465132525004966

52 kae the Changeling (level 3, -1/26 HPs)
             Began as a Demonspawn Shapeshifter on Feb 16, 2024.
             Slain by a gnoll
             ... wielding a +0 halberd
              (8 damage)
             ... on level 2 of the Dungeon.
             The game lasted 00:00:42 (1031 turns).

kae the Changeling (Demonspawn Shapeshifter)        Turns: 1031, Time: 00:00:43

Health: -1/26      AC:  2    Str: 14    XL:     3   Next: 60%
Magic:  3/3        EV: 12    Int: 10    God:
Gold:   26         SH:  0    Dex: 14    Spells: 2/2 levels left

rFire   . .          .
                       - Unarmed
rCold   . . .        (no shield)
rNeg    . . .        a - +0 animal skin
rPois   .            (helmet currently unavailable)
rElec   .            (cloak currently unavailable)
rCorr   .            (gloves currently unavailable)
SInv    .            (boots currently unavailable)
Will    .....        (no amulet)
Stlth   +            (no ring)
HPRegen 0.24/turn    (no ring)
MPRegen 0.08/turn

%: no passive effects
@: beast-form
A: beast (slay +2), hooves 1, foul stench 1
a: Begin Untransformation


You were on level 2 of the Dungeon.
You were a hulking beast.
You visited 1 branch of the dungeon, and saw 2 of its levels.

You collected 26 gold pieces.


Innate Abilities, Weirdness & Mutations

You are a hulking beast.
Your limbs bulge with bestial killing power. (Slay +2)
You have large cloven feet.
You may rarely emit foul miasma when damaged in melee.


   Skills:
 - Level 1.0 Fighting
 - Level 1.7 Dodging
 - Level 2.6 Unarmed Combat
 + Level 4.0 Shapeshifting


You had 2 spell levels left.
You didn't know any spells.
Your spell library was empty.

Inventory:

Missiles
 g - 4 stones (quivered)
Armour
 a - a +0 animal skin (worn)
Jewellery
 C - a ring of ice
   (You found it on level 2 of the Dungeon)
Talismans
 c - a beast talisman (active)
 d - a flux talisman
Scrolls
 i - 3 scrolls of identify {@r1}
 j - a scroll of enchant armour {unknown}
Potions
 b - a potion of lignification {!q}
 e - a potion of brilliance
 f - a potion of curing {unknown}
 h - a potion of degeneration {unknown}

Dungeon Overview and Level Annotations

Branches:
Dungeon (2/15) Zot: 10942

Altars:

##.†# #
#..#########..## #
.............## ##
..#####..#### ... ..#
###.....# .... #.#
#...###.... ....g##
#.###.### ###
#....##.#...###########
#ggh................
####.#.#############
#.#.# #...# #..## ####


You could see 3 gnolls.


Message History

You emit a cloud of foul miasma!
The bat is engulfed in dark miasma.
The bat is poisoned.
The bat barely misses you.
The bat is engulfed in dark miasma.
The bat looks even sicker.
You kill the bat!
You hit the rat.
You kill the rat! 😕 HP[-1]
You take 1 damage, and now have 25/26 hp.
An endoplasm is nearby!
The endoplasm hits you but does no damage.
You hit the endoplasm. The endoplasm freezes you.
You are frozen. 😕 HP[-3]
You take 3 damage, and now have 22/26 hp.
An endoplasm is nearby!
You hit the endoplasm but do no damage. You kick the endoplasm.
You kill the endoplasm!
No target in view! 😕 HP[+1]
i - 2 scrolls of identify {@r1} (gained 1)
Found an escape hatch in the floor. 😎 HP[+3]
Your hp is fully restored (26).
No target in view!
No target in view!
j - a scroll labelled RACHOFA UXORU
i - 3 scrolls of identify {@r1} (gained 1)
A ribbon worm comes into view.
A ribbon worm is nearby!
You hit the ribbon worm. Your kick misses the ribbon worm.
You hit the ribbon worm.
You kick the ribbon worm, but do no damage.
The ribbon worm misses you.
A ribbon worm is nearby!
You hit the ribbon worm. The ribbon worm bites you!
You hit the ribbon worm.
You kick the ribbon worm, but do no damage.
The ribbon worm expels a string of sticky webbing.
The stream of webbing hits you but does no damage.
You are caught in a web! 😕 HP[-6]
You take 6 damage, and now have 20/26 hp.
MASSIVE DAMAGE!! (PAUSE)
The web tears apart.
You hit the ribbon worm. Your kick misses the ribbon worm.
The ribbon worm bites you. 😮 HP[-4]
You take 4 damage, and now have 16/26 hp.
You are too injured to fight recklessly!
You are too injured to fight recklessly!
You hit the ribbon worm.
You kill the ribbon worm!
Your Shapeshifting skill increases to level 4!
You see here a ribbon worm corpse. 😮 HP[+1]
You are too injured to fight recklessly!
You are too injured to fight recklessly!
Unknown command.
You start resting. 😕 HP[+5]
You regained 5 hp, and now have 22/26 hp.
No target in view!
No target in view!
C - a ring of ice 😎 HP[+4]
Your hp is fully restored (26).
An endoplasm comes into view.
The endoplasm quivers.
An endoplasm is nearby!
The endoplasm closely misses you.
You hit the endoplasm.
You kill the endoplasm!
A gnoll comes into view.
It is wielding a +0 flail of protection.
Found a stone staircase leading up.
A gnoll is nearby!
A gnoll comes into view. It is wielding a +0 halberd.
The gnoll shouts! x2; You hear a shout!
There are monsters nearby!
You hit the gnoll but do no damage. Your kick misses the gnoll.
The gnoll hits you with a +0 flail of protection.
You hit the gnoll. Your punch misses the gnoll.
The gnoll hits you with a +0 flail of protection.
There are monsters nearby! 😮 HP[-10]
You take 10 damage, and now have 16/26 hp.
MASSIVE DAMAGE!! (PAUSE)
Okay, then.
You hit the gnoll but do no damage. You kick the gnoll.
Your punch misses the gnoll. The gnoll closely misses you.
The gnoll hits you from afar with a +0 halberd!
* * * LOW HITPOINT WARNING * * *
😨 HP[-9]
You take 9 damage, and now have 7/26 hp.
MASSIVE DAMAGE!! (PAUSE)
You closely miss the gnoll.
A gnoll comes into view.
It is wielding a +0 spear and quivering a throwing net.
The gnoll misses you.
The gnoll hits you from afar with a +0 halberd!
You die...

Skill      XL: |  1  2  3 |
---------------+----------+-----
Shapeshifting  | 3 4 |  4.0
Fighting       | |  1.0
Dodging        | |  1.7
Unarmed Combat | |  2.6

Action                     || total
---------------------------++-------
  Melee: Unarmed           ||    70
         Kick              ||     9
    Use: Scroll            ||     1
   Stab: Sleeping          ||     1
 Armour: Animal skin       ||    37
  Dodge: Dodged            ||    41

Levels and vault maps discovered:
D:1:      lemuel_arrival_rhombus, layout_basic, chequers_serial_rivers_large_b
D:2:      layout_rooms

Notes
Turn   | Place    | Note
-------+----------+-------------------------------------------
     0 | D:1      | kae the Demonspawn Shapeshifter began the quest for the
                  | Orb.
     0 | D:1      | Reached XP level 1. HP: 15/15 MP: 1/1
     0 | D:1      | magus.rc [v1.11.3]
   153 | D:1      | Reached skill level 3 in Shapeshifting
   178 | D:1      | Gained mutation: You have large cloven feet. [demonic
                  | ancestry]
   178 | D:1      | Reached XP level 2. HP: 21/21 MP: 2/2
   658 | D:1      | Gained mutation: You may rarely emit foul miasma when
                  | damaged in melee. [demonic ancestry]
   658 | D:1      | Reached XP level 3. HP: 26/26 MP: 3/3
   961 | D:2      | Reached skill level 4 in Shapeshifting
  1031 | D:2      | Slain by a gnoll

Vanquished Creatures
  2 ribbon worms (D:2)
  2 ball pythons (D:1)
  5 endoplasms
  3 goblins (D:1)
  4 hobgoblins
  A quokka (D:1)
  3 bats
  A kobold (D:1)
  5 rats
26 creatures vanquished.

Table legend:
 A = Non-vault XP
 B = Vault XP
 C = Vault XP percentage of total XP
 D = Non-vault monster count
 E = Vault monster count
 F = Vault count percentage of total count
                 A         B        C        D         E       F
            +---------+---------+-------+---------+---------+-------
      Total |      75 |       0 |   0.0 |      26 |       0 |   0.0
            +---------+---------+-------+---------+---------+-------
        D:1 |      41 |       0 |   0.0 |      15 |       0 |   0.0
        D:2 |      34 |       0 |   0.0 |      11 |       0 |   0.0
            +---------+---------+-------+---------+---------+-------

Skill      XL: |  1  2  3 |
---------------+----------+-----
Shapeshifting  | 3 4 |  4.0
Fighting       | |  1.0
Dodging        | |  1.7
Unarmed Combat | |  2.6

Action                     || total
---------------------------++-------
  Melee: Unarmed           ||    70
         Kick              ||     9
    Use: Scroll            ||     1
   Stab: Sleeping          ||     1
 Armour: Animal skin       ||    37
  Dodge: Dodged            ||    41

Illustrated notes

Table legend:
 A = Kills in this place as a percentage of kills in the entire game.
 B = Kills by you in this place as a percentage of kills by you in the entire game.
 C = Kills by friends in this place as a percentage of kills by friends in the entire game.
 D = Other kills in this place as a percentage of other kills in the entire game.
 E = Experience gained in this place as a percentage of experience gained in the entire game.
 F = Experience gained in this place divided by the number of levels of this place that you have seen.
                   A       B       C       D       E      F
               +-------+-------+-------+-------+-------+----------------------
         Total | 100.0 | 100.0 |   N/A |   N/A | 100.0 |  37.5
       Dungeon | 100.0 | 100.0 |   N/A |   N/A | 100.0 |  37.5
               +-------+-------+-------+-------+-------+----------------------

Table legend: (Time is in decaauts)
 A = Elapsed time spent in this place.
 B = Non-inter-level travel time spent in this place.
 C = Inter-level travel time spent in this place.
 D = Time resting spent in this place.
 E = Time spent auto-exploring this place.
 F = Levels seen in this place.
 G = Mean time per level.
                   A        B        C        D        E       F      G
               +--------+--------+--------+--------+--------+-----+--------+
         Total |   1056 |   1003 |     53 |     21 |    810 |   2 |  528.0 |
       Dungeon |   1056 |   1003 |     53 |     21 |    810 |   2 |  528.0 |
               +--------+--------+--------+--------+--------+-----+--------+

Top non-repeatable levels by time:
     D:1: 785 daAuts
     D:2: 271 daAuts
